cohdb
Replays
Latest Replays
All Replays
Popular Replays
Top Player Replays
Match Explorer
How It Works
Community
CoH3 Stats
Reddit
Sign in to upload your games and track your stats! →
Sign in with Steam
Match 43801217
Unlisted
Match 43801217
Overview
Messages
Build Orders
End
Kettenkrad Recon Vehicle
Construct Infanterie Kompanie
Selects Mechanized Battlegroup
MG 42 Machine Gun Team
Grenadier Squad
GrW 34 Mortar Team
Infanterie Officer Quarters
Grenadier Squad
Construct Panzergrenadier Kompanie
251 Medium Carrier
Selects Mobile Repair Stations
Pioneer Squad
Stevanevus
KoalaImpala
MOJO
Tanith's Finest
dan legend
Strategist
『FredrikNorheim』
JESTER 689
0
0
Comments
sign in to comment!
No comments posted yet!